Map: Deathaura LE

Players

WamBamTYCam - Winner!

  • Race: Zerg Zerg
  • League: Silver
  • Spawn Location: 11:00

Copernicus

  • Race: Zerg Zerg
  • League: Silver
  • Spawn Location: 5:00

VOD

Have the link to the VOD?

Description

Time

  • Played on: July 2, 2020, 12:31 p.m.
  • Length: 5:19
Show
View Real Time Build Order
Export as new Build Order

WamBamTYCam Zerg - Winner!

Build Orders: Hatch First 

Get SALT Encoding   

  12  0:01  Drone  
  13  0:16  Overlord  
  13  0:18  Drone  
  14  0:35  Drone x2  
  16  0:43  Drone  
  17  0:56  Hatchery  
  16  0:59  Drone  
  17  1:06  Drone  
  18  1:21  Spawning Pool  
  17  1:26  Extractor  
  16  1:43  Overlord  
  16  1:52  Drone x2  
  18  1:56  Drone  
  19  2:08  Zergling x2  
  20  2:09  Queen  
  20  2:11  Queen  
  20  2:13  Zergling x2  
  25  2:22  Spine Crawler  
  24  2:24  Drone  
  24  2:29  Drone  
  26  2:37  Drone  
  26  2:39  Drone  
  26  2:41  Drone x2  
  30  2:56  Baneling Nest, Drone  
  30  3:02  Zergling x4  
  30  3:04  Zergling x2  
  33  3:08  Metabolic Boost  
  33  3:19  Zergling x6  
  36  3:23  Overlord  
  36  3:37  Extractor, Drone  
  36  3:50  Drone  
  36  3:51  Drone x2  
  39  3:59  Baneling x3  
  39  4:00  Baneling  
  39  4:15  Drone x2  
  41  4:21  Hatchery  
  38  4:56  Zergling x2  
  38  4:57  Zergling x10  
Show
View Real Time Build Order
Export as new Build Order

Copernicus Zerg 

Build Orders: Pool First 

Get SALT Encoding   

  12  0:10  Drone x2  
  14  0:29  Spawning Pool  
  14  0:33  Drone  
  14  1:18  Hatchery  
  14  1:23  Spine Crawler  
  12  1:26  Spine Crawler  
  12  1:52  Drone x2  
  14  1:55  Overlord  
  14  2:00  Extractor  
  13  2:12  Drone  
  13  2:13  Queen  
  16  2:20  Hatchery  
  16  2:21  Drone  
  16  2:25  Drone  
  17  2:38  Roach Warren  
  17  2:39  Drone  
  17  2:43  Extractor  
  17  2:44  Drone  
  17  2:58  Queen  
  19  3:02  Drone  
  20  3:12  Drone x2  
  22  3:17  Drone  
  23  3:36  Zergling x6  
  23  3:38  Drone  
  27  3:47  Overlord  
  27  3:55  Overlord  
  27  3:59  Metabolic Boost  
  27  4:13  Drone  
  27  4:14  Drone  
  27  4:31  Zergling x4  
  28  4:32  Zergling x2  
  28  4:33  Zergling x4  
  31  4:43  Zergling x6  
  31  4:45  Zergling x6  
  27  4:57  Zergling x2  
Tags
 
Add a new tag
Caveats
  • Supply blocks, unpowered buildings, or Contaminate may cause inaccurate times.
  • Supply counts are checked every 10 seconds.